AoeStats
← BMWwilliams5509

Arabia

510451683Analyzed
1v1 RM · 13h ago on Oct 1, 2026· 35m 49s· 2 players
Game mode
Random Map
Map size
Tiny (2 player)
Population
200
Speed
Normal
Resources
Standard
Victory
Conquest
Starting age
Dark Age
Ending age
Imperial Age
RankedLock teamsTeams togetherTeam positionsShared explorationLock speedFull tech treeHidden civsTurbo modeCheats
Victory
Defeat
🇹🇷 Tatars · Türkiye
1049
+15
🇦🇷 Chinese · Argentina
1027
-15
lautsilvalte
0:27 Loom
9:36 Feudal Age
10:06 Double-Bit Axe
15:18 Wheelbarrow
18:03 Castle Age
16:25 Gold Mining
17:02 Bloodlines
17:28 Horse Collar
18:27 Fletching
18:56 Bow Saw
18:53 Heavy Plow
18:46 Crossbowman
19:47 Padded Archer Armor
23:27 Scale Barding Armor
24:45 Hand Cart
30:35 Bloodlines
30:48 Chain Barding Armor
32:22 Pikeman
33:06 Scale Mail Armor
33:58 Squires
35:30 Chain Mail Armor
BMWwilliams5509
6:56 Loom
10:10 Feudal Age
16:05 Double-Bit Axe
17:11 Horse Collar
20:12 Castle Age
21:13 Fletching
21:24 Padded Archer Armor
21:22 Elite Skirmisher
23:26 Bodkin Arrow
24:09 Pikeman
26:19 Bloodlines
29:00 Heavy Plow
31:09 Forging
31:16 Leather Archer Armor
31:07 Scale Barding Armor
31:42 Gold Mining
34:00 Iron Casting
33:40 Husbandry
34:30 Gold Shaft Mining
Connection lost

Rejoining the realm…

Still unreachable

The connection could not be restored.

Session expired

The server has moved on; the page needs a fresh start.